 Dungeon Crawl Stone Soup version 0.16-a0-3920-g0a6a257 (webtiles) character file.

111251 timbw the Fencer (level 16, -3/138 (139) HPs)
             Began as a Ghoul Fighter on Feb 4, 2015.
             Was the Champion of Okawaru.
             Killed from afar by a shock serpent (8 damage)
             ... with an electric aura
             ... on level 5 of the Snake Pit.
             The game lasted 01:10:24 (11321 turns).

timbw the Fencer (Ghoul Fighter)                   Turns: 11321, Time: 01:10:24

HP:   -3/138 (139)  AC: 41    Str: 26    XL:     16   Next: 21%
MP:   23/23         EV: 14    Int:  6    God:    Okawaru [******]
Gold: 685           SH:  0    Dex: 16    Spells: 2 memorised, 11 levels left

rFire  . . .     SeeInvis .     S - +9 triple sword of True Grit {venom, rC+ Dex+3}
rCold  + + .     Clarity  .     c - +27 Lear's hauberk
rNeg   + + +     SustAb   .     (no shield)
rPois  ∞         Gourm    .     (no helmet)
rElec  .         Spirit   .     E - +1 cloak {MR+}
rCorr  .         Warding  .     (no gloves)
rMut   .         Stasis   .     (no boots)
MR     ++...                    W - amulet of faith
Stlth  ..........               r - +4 ring of strength
                                u - +3 ring of dexterity

@: rotting, very resistant to hostile enchantments, extremely unstealthy
A: rotting body, claws 1, carnivore 3, cold resistance 1, negative energy
resistance 3, poison resistance, slow healing 1, torment resistance, unbreathing
a: Heroism, Finesse, Renounce Religion
}: 1/15 runes: serpentine


You were on level 5 of the Snake Pit.
You worshipped Okawaru.
Okawaru was exalted by your worship.
You were not hungry.

You visited 5 branches of the dungeon, and saw 29 of its levels.

You collected 1807 gold pieces.
You spent 1122 gold pieces at shops.

Inventory:

Hand weapons
 o - the +6 scimitar "Ivuyp" {venom, rPois+}
   (Okawaru gifted it to you on level 1 of the Snake Pit)

   It poisons the flesh of those it strikes.
   It protects you from poison.
 z - a +0 blowgun
 A - a +3 triple sword of slicing
 S - the +9 triple sword of True Grit (weapon) {venom, rC+ Dex+3}
   (Okawaru gifted it to you on level 6 of the Lair of Beasts)

   It poisons the flesh of those it strikes.
   It affects your dexterity (+3).
   It protects you from cold.
 X - the +7 double sword "Beastslayer" {speed, rElec rPois+ rN+ Str-2 Dex+3}
   (Okawaru gifted it to you on level 5 of the Snake Pit)

   Attacks with this weapon are significantly faster.
   It affects your strength (-2).
   It affects your dexterity (+3).
   It insulates you from electricity.
   It protects you from poison.
   It protects you from negative energy.
Missiles
 l - 7 tomahawks (quivered)
 m - 19 poisoned needles
 L - 4 curare-tipped needles
Armour
 b - a +0 helmet
 c - the +27 Lear's hauberk (worn)
   (You took it off a hobgoblin on level 4 of the Orcish Mines)
 k - a +0 pair of boots
 v - a +0 plate armour
 C - a +1 pair of gloves of strength
 E - a +1 cloak of magic resistance (worn)
 R - a +0 pair of gloves of dexterity
Jewellery
 r - a +4 ring of strength (right claw)
 u - a +3 ring of dexterity (left claw)
 F - an uncursed ring of teleportation
 V - an uncursed ring of teleport control
 W - an amulet of faith (around neck)
Magical devices
 q - a wand of random effects (21)
 s - a wand of draining (2)
 x - a wand of magic darts (36)
 G - a wand of paralysis (11)
 H - a wand of slowing (21)
Scrolls
 g - 3 scrolls of blinking
 i - 5 scrolls of identify
 t - a scroll of fear
 w - 3 scrolls of remove curse
 y - 5 scrolls of magic mapping
 O - a scroll of enchant weapon
 P - a scroll of teleportation
 Y - 3 scrolls of fog
Potions
 a - a potion of resistance
 e - 5 potions of heal wounds
 f - a potion of brilliance
 j - a potion of restore abilities
 n - 7 potions of curing
 B - 2 potions of magic
 D - a potion of ambrosia
 I - 3 potions of might
 K - a potion of agility
 Q - 4 potions of haste
 T - 3 potions of invisibility
Books
 h - a book of Minor Magic

   Spells                             Type                      Level
   a - Magic Dart                     Conjuration                  1
   b - Blink                          Translocation                2
   c - Call Imp                       Summoning                    2
   d - Repel Missiles                 Charms/Air                   2
   e - Slow                           Hexes                        2
   f - Conjure Flame                  Conjuration/Fire             3
   g - Mephitic Cloud                 Conjuration/Poison/Air       3
 U - a book of Control

   Spells                             Type                      Level
   a - Control Teleport               Charms/Translocation         4
   b - Control Undead                 Necromancy                   4
   c - Enslavement                    Hexes                        4
   d - Metabolic Englaciation         Hexes/Ice                    5
   e - Mass Confusion                 Hexes                        6
Miscellaneous
 N - a lantern of shadows
Comestibles
 d - 14 chunks of flesh
 p - 19 beef jerkies
 J - 8 meat rations
 M - a royal jelly


   Skills:
 - Level 12.1 Fighting
 * Level 17.6 Long Blades
 - Level 10.6 Armour
 + Level 9.4 Dodging
   Level 2.6 Shields
 - Level 6.2 Invocations
 - Level 6.6 Evocations


You had 11 spell levels left.
You knew the following spells:

 Your Spells              Type           Power        Failure   Level  Hunger
a - Repel Missiles        Chrm/Air       #.....       100%        2    ###....
b - Blink                 Tloc           N/A          100%        2    ###....


Dungeon Overview and Level Annotations

Branches:
Dungeon (11/15)            Temple (1/1) D:7            Lair (8/8) D:10
  Swamp (0/5) Lair:3        Snake (5/5) Lair:3        Slime (0/6) Lair:6
    Orc (4/4) D:9             Elf (0/3) Orc:4

Altars:
Ashenzari
Dithmenos
Elyvilon
Gozag
Kikubaaqudgha
Okawaru
Ru
Sif Muna
Trog
Vehumet
Xom
The Shining One
Beogh

Shops:
Orc:4 ??![

Annotations:
Lair:8 Rupert
Snake:2 Nessos


Innate Abilities, Weirdness & Mutations

Your body is rotting away.
You thrive on raw meat.
You have sharp fingernails.
You are carnivorous and can eat meat at any time.
Your flesh is cold resistant.
You are immune to negative energy.
Your system is resistant to poisons.
You heal slowly when monsters are visible.
You are immune to unholy pain and torment.
You can survive without breathing.


Message History

The bolt of electricity hits the shock serpent.
The shock serpent completely resists.
You cut the shock serpent into ribbons!!!
The shock serpent is poisoned.
The shock serpent is severely wounded.
The shock serpent's electric aura discharges violently!
The lightning shocks you.
The shock serpent shoots out a bolt of lightning at you!
The bolt of electricity hits you!
* * * LOW HITPOINT WARNING * * *
The bolt of electricity hits you!
* * * LOW HITPOINT WARNING * * *
The bolt of electricity hits the shock serpent.
The shock serpent completely resists.
Unknown command.
You slash the shock serpent!
You kill the shock serpent!
Okawaru accepts your kill.
The air sparks with electricity!
The lightning shocks you.
You die...

..................######.....####
.....(..........<.#..........####
?...((............#........#.....
..))..(...........#(.)...).......
.).(...#####'##...#......#(......
....(.(# #.##...#....(.#().....
.....(.# ##.##...#(.....#.......
.)=)).(####..............#.......
.).((.()))).....@..##...#.(......
###(#######........##.(.#......##
#<# #........##.))#......# #####
#........##..)#......# ..#
#........##...#...)..# ..#
#........##...####(.## ..#
###########...# #(..# ..#
###########...#####).## ..#
#.........[....)......#


There were no monsters in sight!

Vanquished Creatures
  9 greater nagas
  An orc warlord (Orc:4)
  11 naga warriors
  The ghost of Absynth the Nimble, a powerful DsGl of Ashenzari (Lair:1)
  3 anacondas
  11 naga sharpshooters
  2 orc high priests (Orc:4)
  4 shock serpents
  A fire crab (Lair:7)
  The ghost of 4thArraOfDagon the Carver, an experienced DsAK of Lugonu (D:10)
  A deep elf summoner (Orc:4)
  10 naga ritualists
  An ice devil (Orc:4)
  An ice statue (Lair:8)
  A hill giant (D:10)
  An orc knight (Orc:4)
  6 orc sorcerers
  4 mana vipers (Snake:4)
  A griffon (Lair:7)
  5 elephants (Lair:5)
  20 naga magi
  19 black mambas
  A rust devil (Orc:4)
  3 salamanders (Snake:5)
  A torpor snail (Lair:6)
  The ghost of ConnectionFaild the Grappler, an experienced VSMo of Ashenzari (D:6)
  An eye of devastation (Lair:6)
  5 spiny frogs
  7 komodo dragons
  2 fire drakes
  The ghost of timbw the Ruffian, an average CeMo of Okawaru (D:7)
  15 blink frogs
  A two-headed ogre (D:10)
  10 polar bears
  A raiju (Lair:8)
  A boulder beetle (Lair:7)
  A basilisk (Lair:4)
  A wraith (D:10)
  A hungry ghost (D:11)
  32 yaks
  Grum (D:10)
  6 deep elf fighters (Orc:4)
  33 wolves
  7 hippogriffs
  A mottled dragon (D:10)
  10 wargs
  Edmund (D:5)
  14 water moccasins
  An insubstantial wisp (Lair:4)
  32 nagas
  7 porcupines
  3 sky beasts
  4 hell hounds (Lair:8)
  An eye of draining (Lair:6)
  3 wasps
  6 ice beasts
  19 orc warriors
  3 necrophages (Lair:7)
  13 black bears
  A centaur (D:10)
  3 ogres
  3 boring beetles
  8 crocodiles
  A big kobold (D:10)
  8 giant frogs
  3 scorpions
  A water moccasin zombie (D:8)
  5 wights (D:11)
  6 killer bees
  A goliath beetle (D:10)
  A giant frog zombie (D:5)
  2 iguanas
  18 hounds
  22 orc priests
  2 centaur skeletons
  3 jellies
  32 orc wizards
  4 worker ants
  5 hell rats
  A killer bee zombie (D:10)
  11 sheep
  A hound skeleton (D:11)
  2 gnolls (D:5)
  A worker ant zombie (D:10)
  14 river rats
  A shadow imp (D:5)
  18 adders
  6 giant mites (Lair:4)
  2 white imps (Lair:8)
  2 worms
  An orc zombie (Orc:4)
  2 orc skeletons (Orc:4)
  3 giant geckos
  122 orcs
  4 giant cockroaches
  9 hobgoblins
  12 kobolds
  5 bats
  2 giant gecko zombies
  3 giant newts
  11 goblins
  12 jackals
  3 quokkas
  8 rats
  A fungus (Lair:8)
750 creatures vanquished.

Vanquished Creatures (others)
  A hippogriff (Lair:6)
  An iguana (Lair:6)
  An orc zombie (Orc:4)
  An orc (Orc:4)
  A quokka (Lair:6)
  6 fungi
  13 plants
24 creatures vanquished.

Grand Total: 774 creatures vanquished

Notes
Turn   | Place    | Note
--------------------------------------------------------------
     0 | D:1      | timbw, the Ghoul Fighter, began the quest for the Orb.
     0 | D:1      | Reached XP level 1. HP: 19/19 MP: 1/1
   156 | D:1      | Reached XP level 2. HP: 21/26 MP: 2/2
   312 | D:2      | Reached XP level 3. HP: 27/31 MP: 3/3
   587 | D:4      | Reached XP level 4. HP: 29/36 MP: 3/3
   714 | D:4      | Reached skill level 4 in Long Blades
   769 | D:5      | Entered Level 5 of the Dungeon
   784 | D:5      | Noticed Edmund
   809 | D:5      | Killed Edmund
   809 | D:5      | Reached skill level 5 in Long Blades
   809 | D:5      | Reached XP level 5. HP: 22/45 MP: 4/4
   922 | D:5      | Reached XP level 6. HP: 37/51 MP: 5/5
  1269 | D:5      | Noticed an ogre
  1274 | D:5      | Killed an ogre
  1274 | D:5      | Reached skill level 6 in Long Blades
  1446 | D:6      | Noticed ConnectionFaild's ghost (experienced VSMo)
  1612 | D:6      | Reached XP level 7. HP: 48/57 MP: 5/5
  2006 | D:4      | Found an opulent altar of Gozag.
  2141 | D:6      | Killed ConnectionFaild's ghost
  2141 | D:6      | Reached skill level 7 in Long Blades
  2142 | D:6      | Reached skill level 8 in Long Blades
  2142 | D:6      | Reached XP level 8. HP: 19/62 MP: 6/6
  2255 | D:7      | Found a shadowy altar of Dithmenos.
  2312 | D:7      | Noticed timbw's ghost (average CeMo)
  2331 | D:7      | Killed timbw's ghost
  2331 | D:7      | Reached skill level 9 in Long Blades
  2360 | D:7      | Found a staircase to the Ecumenical Temple.
  2369 | Temple   | Entered the Ecumenical Temple
  2377 | Temple   | Became a worshipper of Warmaster Okawaru
  2593 | D:9      | Reached skill level 10 in Long Blades
  2823 | D:9      | Reached XP level 9. HP: 43/70 MP: 7/7
  2847 | D:9      | Found a staircase to the Orcish Mines.
  2899 | D:10     | Entered Level 10 of the Dungeon
  2907 | D:10     | Acquired Okawaru's first power
  2987 | D:10     | Noticed a centaur zombie
  3117 | D:11     | Found a deep blue altar of Sif Muna.
  3279 | D:11     | Reached skill level 11 in Long Blades
  3519 | D:10     | Noticed Grum
  3546 | D:11     | Reached skill level 5 in Fighting
  3783 | D:10     | Reached XP level 10. HP: 50/81 MP: 7/7
  3835 | D:10     | Noticed 4thArraOfDagon's ghost (experienced DsAK)
  3857 | D:10     | Killed 4thArraOfDagon's ghost
  3862 | D:10     | Reached skill level 12 in Long Blades
  3862 | D:10     | Reached skill level 5 in Armour
  4038 | D:10     | Found a staircase to the Lair.
  4066 | Lair:1   | Entered Level 1 of the Lair of Beasts
  4106 | Lair:1   | Noticed Absynth's ghost (powerful DsGl)
  4120 | Lair:1   | Killed Absynth's ghost
  4213 | Lair:1   | Reached XP level 11. HP: 82/92 MP: 8/8
  4294 | Lair:2   | Reached skill level 1 in Dodging
  4392 | Lair:3   | Found a staircase to the Snake Pit.
  4509 | Lair:4   | Reached skill level 13 in Long Blades
  4857 | Lair:5   | Acquired Okawaru's second power
  5024 | Lair:6   | Received a gift from Okawaru
  5025 | Lair:6   | Got an ancient triple sword {god gift}
  5043 | Lair:6   | Identified the +9 triple sword of True Grit {venom, rC+ Dex+3} (Okawaru gifted it to you on level 6 of the Lair of Beasts)
  5068 | Lair:6   | Reached XP level 12. HP: 65/102 MP: 9/9
  5344 | Lair:6   | Reached skill level 14 in Long Blades
  5390 | Lair:6   | Found a staircase to the Slime Pits.
  5430 | Lair:6   | Received a gift from Okawaru
  5565 | Lair:6   | Reached skill level 5 in Dodging
  5798 | Lair:6   | Reached skill level 1 in Invocations
  6110 | Lair:4   | Noticed a seven-headed hydra
  6192 | Lair:3   | Found a staircase to the Swamp.
  6394 | Lair:6   | Noticed a four-headed hydra
  6501 | Lair:7   | Reached XP level 13. HP: 93/113 MP: 14/14
  6616 | Lair:7   | Reached skill level 10 in Fighting
  6685 | Lair:8   | Entered Level 8 of the Lair of Beasts
  6887 | Lair:8   | Reached skill level 15 in Long Blades
  6946 | Lair:8   | Noticed Rupert
  7030 | Lair:8   | Received a gift from Okawaru
  7530 | Lair:7   | Received a gift from Okawaru
  7530 | Lair:7   | Reached skill level 5 in Invocations
  7740 | D:10     | Killed Grum
  7787 | D:10     | Noticed a hill giant
  7797 | D:10     | Killed a hill giant
  7800 | D:10     | Received a gift from Okawaru
  7929 | Orc:1    | Entered Level 1 of the Orcish Mines
  8001 | Orc:1    | Found a roughly hewn altar of Beogh.
  8078 | Orc:4    | Entered Level 4 of the Orcish Mines
  8108 | Orc:4    | Found a staircase to the Elven Halls.
  8189 | Orc:4    | Reached XP level 14. HP: 114/122 MP: 20/20
  8215 | Orc:4    | Found Yjuton's Magic Scroll Shop.
  8215 | Orc:4    | Found Qudatem's Distillery.
  8484 | Orc:4    | Found Xeraun's Antique Armour Boutique.
  8491 | Orc:4    | Found Watt's Magic Scroll Shop.
  8505 | Orc:4    | Bought a scroll of teleportation for 39 gold pieces
  8507 | Orc:4    | Bought a crude chain mail for 304 gold pieces
  8508 | Orc:4    | Bought a potion of haste for 170 gold pieces
  8508 | Orc:4    | Bought a potion of haste for 170 gold pieces
  8508 | Orc:4    | Bought a potion of heal wounds for 85 gold pieces
  8508 | Orc:4    | Bought a potion of resistance for 170 gold pieces
  8508 | Orc:4    | Bought a potion of curing for 51 gold pieces
  8522 | Orc:4    | Identified the +3 chain mail of Pnykk {rN+ MR+ Str+3} (You bought it in a shop on level 4 of the Orcish Mines)
  8564 | Orc:4    | Bought a scroll of fog for 28 gold pieces
  8564 | Orc:4    | Bought a scroll of magic mapping for 49 gold pieces
  8564 | Orc:4    | Bought a scroll of identify for 28 gold pieces
  8564 | Orc:4    | Bought a scroll of identify for 28 gold pieces
  8586 | Orc:4    | Noticed an orc warlord
  8891 | Orc:4    | Killed an orc warlord
  8919 | Orc:4    | Learned a level 2 spell: Repel Missiles
  8922 | Orc:4    | Learned a level 2 spell: Blink
  8965 | Orc:3    | Found a roughly hewn altar of Beogh.
  9140 | Orc:3    | Paralysed by an orc sorcerer for 6 turns
  9173 | Orc:3    | Found a radiant altar of Vehumet.
  9481 | Snake:1  | Entered Level 1 of the Snake Pit
  9497 | Snake:1  | Received a gift from Okawaru
  9501 | Snake:1  | Got a transparent scimitar {god gift}
  9502 | Snake:1  | Identified the +6 scimitar "Ivuyp" {venom, rPois+} (Okawaru gifted it to you on level 1 of the Snake Pit)
  9544 | Snake:1  | Reached skill level 1 in Evocations
  9646 | Snake:2  | Noticed Nessos
  9686 | Snake:1  | Reached skill level 16 in Long Blades
  9886 | Snake:2  | Received a gift from Okawaru
  9888 | Snake:2  | Reached skill level 10 in Armour
 10082 | Snake:3  | Noticed a greater naga
 10087 | Snake:3  | Killed a greater naga
 10192 | Snake:4  | Reached XP level 15. HP: 132/132 MP: 23/23
 10214 | Snake:4  | Noticed a greater naga
 10227 | Snake:4  | Killed a greater naga
 10301 | Snake:4  | Received a gift from Okawaru
 10317 | Snake:5  | Entered Level 5 of the Snake Pit
 10392 | Snake:5  | Noticed a greater naga
 10396 | Snake:5  | Noticed a greater naga
 10408 | Snake:5  | Killed a greater naga
 10436 | Snake:5  | Noticed a greater naga
 10437 | Snake:5  | Noticed a greater naga
 10769 | Snake:5  | Reached skill level 5 in Evocations
 10809 | Snake:5  | Received a gift from Okawaru
 10837 | Snake:5  | Killed a greater naga
 10891 | Snake:5  | Reached skill level 17 in Long Blades
 10976 | Snake:5  | Received a gift from Okawaru
 10979 | Snake:5  | Got a translucent double sword {god gift}
 10980 | Snake:5  | Identified the +7 double sword "Beastslayer" {speed, rElec rPois+ rN+ Str-2 Dex+3} (Okawaru gifted it to you on level 5 of the Snake Pit)
 11013 | Snake:5  | Killed a greater naga
 11014 | Snake:5  | Noticed a greater naga
 11021 | Snake:5  | Noticed a greater naga
 11031 | Snake:5  | Killed a greater naga
 11035 | Snake:5  | Noticed a greater naga
 11056 | Snake:5  | Killed a greater naga
 11071 | Snake:5  | Reached XP level 16. HP: 54/137 MP: 20/23
 11091 | Snake:5  | Killed a greater naga
 11168 | Snake:5  | Got a serpentine rune of Zot
 11199 | Snake:5  | Received a gift from Okawaru
 11282 | Snake:5  | Killed a greater naga
 11320 | Snake:5  | HP: 5/138 [shock serpent/bolt of electricity (8)]
 11321 | Snake:5  | Killed from afar by a shock serpent

Action                   |  1- 3 |  4- 6 |  7- 9 | 10-12 | 13-15 | 16-18 || total
-------------------------+-------+-------+-------+-------+-------+-------++-------
Melee: Long sword        |    93 |   156 |     6 |       |       |       ||   255
       Falchion          |       |       |   328 |       |       |       ||   328
       Great sword       |       |       |    35 |   350 |       |       ||   385
       Triple sword      |       |       |       |   254 |  1210 |    75 ||  1539
       Double sword      |       |       |       |       |    26 |       ||    26
Throw: Tomahawk          |     7 |       |       |       |       |       ||     7
Invok: Heroism           |       |       |     3 |    16 |    20 |       ||    39
       Finesse           |       |       |       |       |     2 |       ||     2
  Use: Potion            |       |     2 |       |     1 |     2 |       ||     5
       Scroll            |       |     1 |    19 |     8 |    11 |     1 ||    40
  Eat: Chunk             |     3 |     8 |    15 |    74 |   126 |     4 ||   230
